 Dungeon Crawl Stone Soup version 0.30-a0-159-g068b764562 (webtiles) character file.

Game seed: 12283792595291695134

351 Shard1697 the Cudgeller (level 6, -2/47 HPs)
             Began as a Demonspawn Fighter on Sept 27, 2022.
             Slain by a gnoll bouda
             ... wielding a +0 whip
              (9 damage)
             ... on level 4 of the Dungeon.
             The game lasted 00:04:56 (3147 turns).

Shard1697 the Cudgeller (Demonspawn Fighter)        Turns: 3147, Time: 00:04:57

Health: -2/47      AC:  6    Str: 17    XL:     6   Next: 34%
Magic:  6/6        EV:  8    Int:  9    God:
Gold:   84         SH:  5    Dex: 16    Spells: 5/5 levels left

rFire   + . .      SeeInvis .    a - +0 flail
rCold   + . .      Faith    .    c - +0 buckler
rNeg    . . .      Spirit   .    b - +0 scale mail
rPois   .          Reflect  .    (no helmet)
rElec   .          Harm     .    g - scarf {rC+ rF+}
rCorr   .          Rampage  .    (no gloves)
Will    .....                    (no boots)
Stlth   ..........               (no amulet)
HPRegen 0.15/turn                f - ring of wizardry
MPRegen 0.10/turn                (no ring)

@: no status effects
A: demonic guardian 1, demonic touch 2, agile 1, mutation resistance 1
a: no special abilities


You were on level 4 of the Dungeon.
You visited 1 branch of the dungeon, and saw 4 of its levels.

You collected 150 gold pieces.
You spent 66 gold pieces at shops.

Inventory:

Hand Weapons
 a - a +0 flail (weapon)
Armour
 b - a +0 scale mail (worn)
 c - a +0 buckler (worn)
 g - a scarf of resistance (worn)
 n - a +0 cloak
 q - a +0 pair of gloves
Jewellery
 f - a ring of wizardry (left hand)
Wands
 i - a wand of light (11)
 r - a wand of flame (20)
Scrolls
 k - a scroll of amnesia {unknown}
 l - 4 scrolls of blinking {unknown}
 m - a scroll of summoning {unknown}
 o - 2 scrolls of enchant weapon {unknown}
 p - a scroll of teleportation {unknown}
Potions
 d - a potion of resistance
 e - 3 potions of curing
 h - a potion of brilliance
 j - a potion of cancellation


   Skills:
 + Level 3.4 Fighting
 * Level 5.7 Maces & Flails
 - Level 2.6 Armour
 + Level 3.1 Shields


You had 5 spell levels left.
You didn't know any spells.
Your spell library was empty.

Dungeon Overview and Level Annotations

Branches:
Dungeon (4/15)
 Temple: D:4-7

Altars:

Shops:
D:2 *   D:3 ?

Annotations:
D:2 Jessica


Innate Abilities, Weirdness & Mutations

A weak demonic guardian rushes to your aid.
Your touch may inflict irresistible damage on your foes.
You are agile. (Dex +4, Str/Int -1)
You are somewhat resistant to further mutation.


Message History

The gnoll bouda misses your quasit.
Your quasit bites the gnoll bouda but does no damage.
Your quasit barely misses the gnoll bouda.
Your quasit closely misses the gnoll bouda.
Your quasit closely misses the gnoll bouda.
Your quasit claws the gnoll bouda.
Your quasit completely misses the gnoll bouda.
The gnoll bouda hits your quasit with a +0 whip.
Your quasit closely misses the gnoll bouda.
Your quasit claws the gnoll bouda but does no damage.
Your quasit closely misses the gnoll bouda.
The gnoll bouda hits your quasit with a +0 whip.
Your quasit completely misses the gnoll bouda.
Your quasit claws the gnoll bouda but does no damage.
Your quasit barely misses the gnoll bouda.
The gnoll bouda closely misses your quasit.
Your quasit misses the gnoll bouda.
Your quasit claws the gnoll bouda but does no damage. x2
Your quasit bites the gnoll bouda.
Your quasit claws the gnoll bouda. x2
The gnoll bouda completely misses your quasit.
Your quasit bites the gnoll bouda.
Your quasit barely misses the gnoll bouda.
Your quasit claws the gnoll bouda but does no damage.
The gnoll bouda misses your quasit.
Your quasit bites the gnoll bouda.
Your quasit claws the gnoll bouda.
Your quasit barely misses the gnoll bouda.
The gnoll bouda barely misses your quasit.
Your quasit disappears in a puff of smoke!
The gnoll bouda barks out a call to the hunt!
The gnoll hits you from afar with a +3 halberd!
A demonic guardian appears!
The gnoll bouda closely misses you.
You swap places.
You block the gnoll's attack.
The gnoll bouda closely misses your shadow imp.
The gnoll hits you from afar with a +3 halberd!
* * * LOW HITPOINT WARNING * * *
The gnoll bouda hits you with a +0 whip!
* * * LOW HITPOINT WARNING * * *
The gnoll closely misses your shadow imp.
The gnoll bouda hits you with a +0 whip!
You die...

# ..##.
..#..#########
##>........#..
.........#.#.#
#...##.@#.#.#
#.#.#..g#.#.#######
#.#5###.........#
## #g## ###.#####.#
#.###.# #...# #.#
.. #.#†## ##### #.#
#. #.#.# #.# #.
##.#.## #.# #.
#.###.# ##'#####.


You could see a gnoll bouda, a gnoll (swift, ally target) and a friendly shadow
imp (summoned).

Vanquished Creatures
  Sigmund (D:2)
  3 gnolls (D:3)
  4 adders
  2 worms
  5 bats
  3 endoplasms (D:1)
  A giant cockroach (D:2)
  6 goblins
  5 hobgoblins
  2 quokkas (D:3)
  2 ball pythons
  A frilled lizard (D:3)
  6 kobolds
  3 rats
44 creatures vanquished.

Vanquished Creatures (collateral kills)
  A hound (D:3)
  A jelly (D:4)
  Ijyb (D:3)
  A goblin (D:1)
4 creatures vanquished.

Grand Total: 48 creatures vanquished

Notes
Turn   | Place    | Note
-------+----------+-------------------------------------------
     0 | D:1      | Shard1697 the Demonspawn Fighter began the quest for the
                  | Orb.
     0 | D:1      | Reached XP level 1. HP: 18/18 MP: 1/1
     0 | D:1      | Noticed a dwarf
     4 | D:1      | Noticed an octopode
     6 | D:1      | Noticed a minotaur
     8 | D:1      | Noticed a demonspawn
     9 | D:1      | Noticed a vine stalker
    11 | D:1      | Noticed an elf
    13 | D:1      | Noticed a spriggan
    15 | D:1      | Noticed a dwarf
    15 | D:1      | Noticed a minotaur
    17 | D:1      | Noticed a formicid
    17 | D:1      | Noticed a formicid
    19 | D:1      | Noticed a barachi
    21 | D:1      | Noticed a felid
    67 | D:1      | Reached skill level 2 in Maces & Flails
   385 | D:1      | Found a faded altar of an unknown god.
   395 | D:1      | Gained mutation: A weak demonic guardian rushes to your
                  | aid. [demonic ancestry]
   395 | D:1      | Reached XP level 2. HP: 24/24 MP: 2/2
  1133 | D:2      | Reached skill level 3 in Maces & Flails
  1149 | D:2      | Noticed Sigmund
  1158 | D:2      | Killed Sigmund
  1159 | D:2      | Reached skill level 5 in Maces & Flails
  1159 | D:2      | Gained mutation: Your touch may inflict minor irresistible
                  | damage on your foes. [demonic ancestry]
  1159 | D:2      | Reached XP level 3. HP: 2/29 MP: 3/3
  1159 | D:2      | Reached XP level 4. HP: 3/35 MP: 4/4
  1159 | D:2      | Reached XP level 5. HP: 3/41 MP: 5/5
  1706 | D:2      | Noticed Jessica
  2092 | D:3      | Found Jauran's Magic Scroll Emporium.
  2097 | D:3      | Bought a scroll of identify for 22 gold pieces
  2098 | D:3      | Bought a scroll of identify for 22 gold pieces
  2098 | D:3      | Bought a scroll of identify for 22 gold pieces
  2298 | D:3      | Gained mutation: You are vulnerable to cold. (rC-) [potion
                  | of mutation]
  2298 | D:3      | Gained mutation: You have a pair of small horns on your
                  | head. [potion of mutation]
  2593 | D:3      | Noticed Ijyb
  2609 | D:3      | Killed Ijyb
  2610 | D:3      | Gained mutation: Your touch may inflict irresistible damage
                  | on your foes. [demonic ancestry]
  2610 | D:3      | Reached XP level 6. HP: 41/47 MP: 6/6
  2823 | D:2      | Found Marutuc's Assorted Antiques.
  2878 | D:4      | Lost mutation: You are vulnerable to cold. (rC-) [potion of
                  | mutation]
  2878 | D:4      | Lost mutation: You have a pair of small horns on your head.
                  | [potion of mutation]
  2878 | D:4      | Gained mutation: You are agile. (Dex +4, Str/Int -1)
                  | [potion of mutation]
  2878 | D:4      | Gained mutation: You are somewhat resistant to further
                  | mutation. [potion of mutation]
  3147 | D:4      | Slain by a gnoll bouda

Illustrated notes

Levels and vault maps discovered:
D:1:      shiori_arrival_whats_in_store_for_you, layout_loops_ring,
          hellmonk_ecumenical_altar_pennies_from_heaven
D:2:      layout_basic, serial_shops, nicolae_shop_hallway_stairs,
          minmay_misc_feat_encased, grunt_ministairs_1, uniq_natasha,
          uniq_sigmund, uniq_jessica
D:3:      layout_rooms, serial_shops, nicolae_shop_hallway_stairs,
          minmay_crystal_room, uniq_ijyb
D:4:      layout_basic, minmay_temple_entry_statues_pillars,
          roderic_roman_lattice, kennysheep_generic_room_3

Skill      XL: |  1  2  3  4  5 |
---------------+----------------+-----
Maces & Flails | 2 5 |  5.7
Shields        | 3 |  3.1
Fighting       | |  3.4
Armour         | |  2.6

Action                   |  1- 3 |  4- 6 || total
-------------------------+-------+-------++-------
Melee: Flail             |    56 |   120 ||   176
       Headbutt          |       |     3 ||     3
  Use: Potion            |     1 |     3 ||     4
       Scroll            |       |     4 ||     4
Armor: Scale mail        |    27 |    55 ||    82
Dodge: Dodged            |    21 |    58 ||    79
Block: Buckler           |    12 |    28 ||    40

Table legend: (Time is in decaauts)
 A = Elapsed time spent in this place.
 B = Non-inter-level travel time spent in this place.
 C = Inter-level travel time spent in this place.
 D = Time resting spent in this place.
 E = Time spent auto-exploring this place.
 F = Levels seen in this place.
 G = Mean time per level.
                   A        B        C        D        E       F      G
               +--------+--------+--------+--------+--------+-----+--------+
         Total |   3184 |   3056 |    128 |    722 |   1754 |   4 |  796.0 |
       Dungeon |   3184 |   3056 |    128 |    722 |   1754 |   4 |  796.0 |
               +--------+--------+--------+--------+--------+-----+--------+

Top non-repeatable levels by time:
     D:1: 1006 daAuts
     D:3: 948 daAuts
     D:2: 947 daAuts
     D:4: 281 daAuts
